 Dungeon Crawl Stone Soup version 0.17-a0-1942-g46ae386 (webtiles) character file.

3 ololoev the Skirmisher (level 1, 0/16 HPs)
             Began as a High Elf Fighter on Sept 30, 2015.
             Succumbed to a goblin's poison
             ... on level 1 of the Dungeon.
             The game lasted 00:00:28 (55 turns).

ololoev the Skirmisher (High Elf Fighter)             Turns: 55, Time: 00:00:29

Health: 0/16       AC:  6    Str: 17    XL:     1   Next: 41%
Magic:  2/2        EV:  6    Int: 11    God:
Gold:   5          SH:  9    Dex: 14    Spells: 0 memorised, 0 levels left

rFire  . . .     SeeInvis .     a - +0 long sword
rCold  . . .     Rnd*Rage +     b - +0 scale mail
rNeg   . . .     SustAt   .     c - +0 shield
rPois  .         Gourm    .     (helmet restricted)
rElec  .         Spirit   .     (no cloak)
rCorr  .         Warding  .     (no gloves)
rMut   .         Stasis   .     (no boots)
MR     .....                    (no amulet)
Stlth  ..........               (no ring)
                                (no ring)

@: lethally poisoned (0 -> -16), not resistant to hostile enchantments,
extremely unstealthy
A: horns 1, berserk 1, strong 1
a: no special abilities


Innate Abilities, Weirdness & Mutations

You have a pair of small horns on your head.
You tend to lose your temper in combat.
Your muscles are strong. (Str +2)

Inventory:

Hand weapons
 a - a +0 long sword (weapon)
Armour
 b - a +0 scale mail (worn)
 c - a +0 shield (worn)
Potions
 d - a potion of might
Comestibles
 e - a bread ration


   Skills:
 + Level 3.1 Fighting
 * Level 2.5 Long Blades
 + Level 2.7 Armour
 - Level 2.6 Shields


You couldn't memorise any spells.
You didn't know any spells.


You were on level 1 of the Dungeon.
You were not hungry.

You visited 1 branch of the dungeon, and saw 1 of its levels.

You collected 5 gold pieces.

+......+......
#......#......
#......#..... ####
#..........# ..#
#...#†.....# #.#
#...#......# . # ##.#
#..........##... ####..#
#......(..$..... ⌠''..8#
#......#@....## ####..#
#......#)r...#
#..##.###......+........
....#.........##........
#............#.........
#.###....###.#.#.......
.. #....# #+#. ##.#...
............... .#...
..............##

Notes
Turn   | Place    | Note
--------------------------------------------------------------
     0 | D:1      | ololoev the High Elf Fighter began the quest for the Orb.
     0 | D:1      | Reached XP level 1. HP: 16/16 MP: 2/2
    52 | D:1      | Gained mutation: You have a pair of small horns on your head. [potion of mutation]
    52 | D:1      | Gained mutation: Your muscles are strong. (Str +2) [potion of mutation]
    52 | D:1      | Gained mutation: You tend to lose your temper in combat. [potion of mutation]
    55 | D:1      | Succumbed to a goblin's poison

Dungeon Overview and Level Annotations

Branches:
Dungeon (1/15)

Altars:


Message History

The kobold is severely wounded.
The kobold hits you but does no damage. x2
You closely miss the kobold.
The kobold is severely wounded.
You block the kobold's attack. You block the goblin's attack.
You closely miss the goblin. The kobold hits you but does no damage.
The goblin hits you but does no damage.
A rat comes into view.
Press: ? - help, v - describe, . - travel
Here: a goblin, wielding a dagger of venom The floor.
You hit the goblin but do no damage. The kobold hits you but does no damage.
You block the goblin's attack. The goblin completely misses you.
You block the kobold's attack.
You completely miss the goblin.
The rat twitches its whiskers.
The goblin hits you with a dagger of venom.
You are lethally poisoned!
You block the kobold's attack.
You closely miss the goblin.
You feel sick. The goblin hits you but does no damage.
You are more poisoned.
You block the kobold's attack. The goblin barely misses you.
You slash the goblin!
You kill the goblin!
You feel sick. You block the kobold's attack.
The kobold hits you but does no damage.
You closely miss the rat.
You feel sick. The rat bites you but does no damage.
The kobold hits you but does no damage.
Drink which item? (? for menu, Esc to quit)
It was a potion of mutation.
You feel extremely strange. A pair of horns grows on your head!
You feel stronger.
You feel a little pissed off.
You feel sick. You block the rat's attack. You block the kobold's attack.
You slash the kobold!
You kill the kobold!
You feel sick. The rat bites you. The rat barely misses you.
You hit the rat but do no damage.
You feel sick. The rat closely misses you.
You barely miss the rat. Your headbutt misses the rat.
You die...

You could see a rat.

Vanquished Creatures
  A kobold (D:1)
  A bat (D:1)
  A giant newt (D:1)
  A goblin (D:1)
4 creatures vanquished.

Action                   || total
-------------------------++-------
Melee: Long sword        ||    26
  Use: Potion            ||     1

Vault maps used:
D:1:      grunt_arrival_crossed_arrows
